Map: Ulzaan

Players

Linda

  • Race: Terran Terran
  • Spawn Location: 3:00

Bobloblaw

  • Race: Zerg Zerg
  • Spawn Location: 1:00

Throwfordays - Winner!

  • Race: Protoss Protoss
  • League: Silver
  • Spawn Location: 11:00

Cthulhu - Winner!

  • Race: Protoss Protoss
  • Spawn Location: 9:00

VOD

Have the link to the VOD?

Description

Time

  • Played on: March 5, 2019, 11:18 p.m.
  • Length: 19:32
Show
View Real Time Build Order
Export as new Build Order

Linda Terran 

Build Orders:  

Get SALT Encoding   

  12  0:12  Supply Depot  
  12  0:26  Refinery  
  12  0:36  Refinery  
  12  0:52  Barracks  
  12  1:18  Barracks  
  12  1:19  SCV  
  13  1:31  SCV  
  14  1:43  SCV  
  14  1:46  Barracks Tech Lab  
  15  1:55  SCV  
  16  2:07  SCV, Concussive Shells  
  17  2:12  Barracks Tech Lab  
  17  2:19  SCV  
  18  2:24  Engineering Bay  
  18  2:35  Marauder  
  20  2:46  Supply Depot  
  20  2:54  Terran Infantry Armor Level 1  
  20  3:07  Marauder  
  22  3:15  Marauder  
  24  3:28  Marauder  
  26  3:37  Marauder  
  28  3:49  Supply Depot, Marauder  
  30  3:58  Orbital Command  
  30  4:11  Marauder  
  30  4:16  Marauder  
  34  4:32  Marauder  
  34  4:36  Supply Depot  
  36  4:43  Marauder  
  38  4:50  Terran Infantry Weapons Level 1  
  38  5:07  Marine  
  38  5:08  Marine  
  38  5:14  Combat Shield  
  40  5:23  Supply Depot  
  40  5:25  Marine  
  40  5:26  Marine, SCV  
  43  5:59  SCV  
  43  6:02  Factory  
  44  6:08  Marauder  
  44  6:09  Marauder  
  48  6:11  SCV  
  49  6:23  SCV  
  50  6:30  Marauder x2  
  54  6:36  SCV  
  55  6:58  Supply Depot, Factory Tech Lab  
  55  7:20  Marine x2  
  55  7:21  Supply Depot  
  57  7:38  Marine x2  
  57  7:44  Supply Depot  
  59  7:54  Armory  
  59  7:55  Marine x2  
  61  8:13  Marine x2, Supply Depot  
  63  8:31  Marine  
  64  8:37  Supply Depot  
  64  8:41  Thor  
  70  9:07  Supply Depot  
  70  9:18  Terran Infantry Armor Level 2  
  70  9:24  Thor  
  70  9:27  Terran Vehicle Weapons Level 1  
  70  9:29  Supply Depot  
  76  10:00  Supply Depot  
  76  10:07  Thor  
  82  10:49  Thor  
  88  11:21  Terran Vehicle And Ship Armor Level 1  
  88  11:32  Thor  
  94  11:34  Terran Infantry Weapons Level 2  
  94  11:53  SCV  
  95  12:05  SCV  
  96  12:15  Thor  
  102  12:17  SCV  
  102  12:44  Command Center  
  102  12:58  Thor  
  108  13:15  Terran Vehicle Weapons Level 2  
  108  13:26  Refinery  
  108  13:34  Refinery  
  108  14:08  Orbital Command  
  108  14:57  SCV  
  109  15:09  SCV  
  109  15:14  Terran Infantry Weapons Level 3  
  111  15:21  SCV  
  111  15:23  Thor  
  111  15:25  Marine x2  
  119  15:33  SCV  
  120  15:42  Marine  
  120  15:45  SCV  
  122  15:57  SCV  
  123  16:09  SCV  
  124  16:21  SCV  
  125  16:34  SCV  
  126  16:45  Supply Depot  
  126  16:46  SCV  
  127  16:55  Refinery  
  127  16:57  Refinery  
  127  16:58  SCV  
  128  17:07  Supply Depot  
  122  17:10  SCV  
  123  17:22  SCV  
  124  17:29  Missile Turret  
  124  17:30  Supply Depot  
  124  17:34  SCV  
  118  17:52  Supply Depot  
  82  18:35  Marine  
  83  18:53  Marine  
Show
View Real Time Build Order
Export as new Build Order

Bobloblaw Zerg 

Build Orders: Hatch First 

Get SALT Encoding   

  12  0:02  Drone  
  13  0:08  Drone  
  14  0:34  Overlord  
  14  1:02  Hatchery  
  13  1:19  Drone x3  
  13  1:24  Extractor  
  15  1:27  Extractor  
  14  1:40  Spawning Pool  
  13  1:48  Hatchery  
  13  2:22  Drone  
  13  2:23  Drone x2  
  13  2:29  Drone x2  
  17  2:32  Queen  
  17  2:36  Queen  
  19  2:40  Drone  
  22  3:05  Drone  
  22  3:06  Drone x2  
  22  3:07  Drone  
  22  3:08  Drone x2  
  28  4:02  Queen  
  30  4:06  Drone x4  
  34  4:10  Overlord x5  
  34  4:11  Overlord x2  
  34  4:20  Extractor  
  33  4:25  Extractor  
  32  4:38  Hatchery  
  31  4:45  Drone  
  32  4:46  Drone x4  
  32  4:47  Extractor  
  35  5:32  Lair  
  35  5:55  Drone x15  
  35  5:56  Drone x6  
  56  6:04  Drone x2  
  58  6:19  Evolution Chamber  
  57  6:26  Evolution Chamber  
  57  6:32  Spire  
  55  7:00  Drone  
  55  7:01  Drone x16  
  69  7:06  Extractor  
  71  7:16  Zerg Missile Weapons Level 1  
  71  7:24  Zerg Ground Armor Level 1  
  58  7:40  Drone  
  58  7:41  Drone x9  
  67  7:54  Zerg Flyer Weapons Level 1  
  66  8:02  Spire  
  65  8:19  Queen  
  67  9:01  Drone  
  67  9:02  Drone x14  
  82  9:20  Hatchery  
  81  9:42  Hydralisk Den  
  80  9:47  Infestation Pit  
  80  9:49  Mutalisk  
  81  9:58  Overlord  
  81  9:59  Overlord x10  
  81  10:21  Grooved Spines  
  81  10:30  Nydus Network  
  80  10:37  Zerg Flyer Weapons Level 2  
  80  10:40  Zerg Flyer Armor Level 1  
  80  10:43  Zerg Ground Armor Level 2  
  80  10:45  Zerg Missile Weapons Level 2  
  80  11:33  Muscular Augments  
  80  11:59  Extractor  
  76  12:14  Mutalisk  
  76  12:15  Extractor, Mutalisk  
  74  12:16  Corruptor x6  
  74  12:17  Corruptor x6  
  74  12:18  Corruptor x6  
  74  12:19  Corruptor x4  
  117  12:37  Zerg Flyer Armor Level 2  
  117  13:00  Hive  
  117  13:01  Zerg Melee Weapons Level 1  
  117  13:07  Lair  
  117  13:12  Pneumatized Carapace  
  117  13:36  Drone x2  
  117  13:37  Drone  
  117  13:39  Hatchery  
  119  14:40  Drone x2  
  119  14:41  Drone  
  122  15:01  Queen  
  124  15:35  Queen  
  126  15:47  Zerg Ground Armor Level 3  
  126  15:49  Zerg Missile Weapons Level 3  
  108  16:38  Drone  
  108  16:39  Drone x5  
  114  16:40  Overlord x3  
  114  16:53  Hatchery  
  101  17:14  Spore Crawler  
  100  17:32  Spire  
  100  17:36  Spire  
  95  17:47  Hatchery  
  88  17:52  Extractor  
  88  17:56  Extractor  
Show
View Real Time Build Order
Export as new Build Order

Throwfordays Protoss - Winner!

Build Orders: Nexus First, Colossus Rush 

Get SALT Encoding   

  12  0:01  Probe  
  13  0:13  Probe  
  14  0:25  Probe  
  15  0:50  Nexus  
  15  1:00  Pylon  
  15  1:03  Assimilator  
  15  1:18  Probe  
  16  1:25  Gateway  
  16  1:31  Probe  
  17  1:43  Probe  
  17  1:44  Forge  
  18  1:55  Probe  
  19  2:03  Probe  
  19  2:07  Probe  
  21  2:11  Probe  
  21  2:20  Cybernetics Core  
  21  2:21  Probe  
  22  2:23  Assimilator, Probe  
  24  2:33  Probe  
  24  2:35  Probe  
  26  2:45  Pylon, Probe  
  26  2:47  Probe  
  28  2:56  Robotics Facility  
  28  2:57  Probe  
  29  2:58  Pylon  
  29  3:06  Photon Cannon  
  29  3:07  Probe  
  29  3:08  Warp Gate  
  29  3:10  Photon Cannon  
  30  3:15  Probe  
  31  3:24  Probe  
  31  3:27  Photon Cannon  
  31  3:34  Photon Cannon  
  32  3:36  Probe  
  32  3:40  Probe  
  34  3:45  Assimilator  
  34  3:48  Probe  
  35  3:52  Probe  
  36  4:00  Robotics Bay, Probe  
  37  4:04  Probe  
  38  4:12  Probe  
  38  4:15  Assimilator  
  38  4:16  Probe  
  40  4:19  Pylon  
  40  4:24  Probe  
  40  4:26  Pylon  
  40  4:28  Probe  
  42  4:32  Observer  
  42  4:36  Probe  
  44  4:40  Protoss Ground Weapons Level 1  
  44  4:42  Extended Thermal Lance  
  44  4:48  Probe x2  
  46  4:53  Observer  
  47  5:00  Photon Cannon, Probe  
  47  5:05  Photon Cannon  
  48  5:09  Photon Cannon  
  48  5:12  Photon Cannon  
  48  5:22  Colossus  
  48  5:25  Stalker  
  56  6:00  Pylon  
  56  6:01  Pylon  
  56  6:07  Pylon  
  56  6:15  Colossus  
  62  6:22  Gravitic Boosters  
  62  6:24  Forge  
  62  6:28  Stalker  
  64  6:46  Robotics Facility  
  64  6:48  Robotics Facility  
  64  6:51  Robotics Facility  
  64  6:57  Nexus  
  64  6:58  Pylon x2  
  64  7:00  Pylon  
  64  7:01  Pylon  
  64  7:02  Pylon  
  64  7:06  Pylon  
  64  7:07  Protoss Ground Armor Level 1  
  64  7:10  Protoss Shields Level 1  
  64  7:15  Stalker  
  65  7:17  Colossus  
  65  7:21  Gateway  
  71  7:25  Twilight Council  
  71  7:39  Colossus  
  71  7:40  Disruptor  
  80  7:46  Probe  
  81  7:57  Gateway  
  81  8:00  Gateway  
  81  8:01  Gateway  
  81  8:04  Gateway  
  81  8:08  Nexus  
  81  8:10  Assimilator  
  81  8:15  Assimilator  
  81  8:16  Probe  
  81  8:17  Nexus  
  81  8:18  Pylon  
  82  8:22  Pylon  
  82  8:28  Probe  
  82  8:30  Probe  
  84  8:40  Probe  
  85  8:42  Probe  
  86  8:52  Probe  
  86  8:54  Probe  
  88  9:04  Probe  
  88  9:05  Protoss Ground Weapons Level 2  
  88  9:06  Probe  
  90  9:11  Protoss Shields Level 2  
  90  9:16  Stargate  
  90  9:18  Probe  
  90  9:19  Stargate  
  91  9:25  Protoss Air Weapons Level 1  
  91  9:33  Stargate  
  91  9:37  Stargate  
  91  9:46  Photon Cannon  
  91  9:48  Photon Cannon  
  91  9:49  Probe x2  
  91  9:52  Photon Cannon  
  92  9:55  Photon Cannon  
  92  9:57  Probe  
  93  10:01  Probe  
  93  10:02  Assimilator  
  93  10:06  Assimilator  
  95  10:07  Probe  
  95  10:12  Probe  
  95  10:13  Probe  
  98  10:16  Probe  
  98  10:19  Probe  
  100  10:24  Probe  
  100  10:26  Phoenix x2  
  100  10:28  Probe  
  106  10:30  Phoenix  
  106  10:31  Probe  
  106  10:33  Phoenix  
  106  10:35  Probe  
  111  10:40  Probe x2  
  113  10:43  Probe  
  113  10:48  Probe  
  115  10:51  Probe  
  115  10:52  Probe  
  118  10:57  Probe  
  118  11:02  Probe  
  120  11:04  Fleet Beacon, Probe  
  120  11:07  Cybernetics Core  
  120  11:10  Phoenix, Probe  
  120  11:11  Phoenix x3  
  128  11:14  Probe  
  131  11:20  Protoss Air Armor Level 1  
  131  11:26  Protoss Shields Level 3  
  131  11:33  Probe  
  131  11:39  Phoenix x4  
  140  11:45  Probe  
  141  11:49  Protoss Air Weapons Level 2  
  141  11:53  Anion Pulse-Crystals  
  141  12:00  Protoss Ground Weapons Level 3  
  141  12:13  Phoenix x4  
  149  12:50  Void Ray x3  
  149  12:51  Void Ray  
  165  13:05  Nexus  
  165  13:06  Assimilator  
  165  13:11  Assimilator  
  165  13:33  Void Ray  
  169  13:43  Pylon  
  169  13:44  Pylon  
  169  13:46  Pylon  
  169  13:49  Pylon  
  169  13:50  Pylon  
  169  13:52  Pylon  
  169  13:54  Pylon  
  169  13:56  Pylon  
  169  13:59  Pylon  
  169  14:01  Void Ray x2  
  169  14:02  Void Ray  
  181  14:08  Protoss Air Weapons Level 3, Nexus  
  181  14:13  Protoss Air Armor Level 2  
  181  14:16  Void Ray  
  185  14:18  Assimilator  
  185  14:23  Assimilator  
  185  14:33  Protoss Ground Armor Level 2  
  185  14:43  Void Ray x2  
  185  14:45  Void Ray  
  197  16:35  Protoss Air Armor Level 3  
  177  18:29  Void Ray x2  
  177  18:30  Void Ray x2  
Show
View Real Time Build Order
Export as new Build Order

Cthulhu Protoss - Winner!

Build Orders: Colossus Rush 

Get SALT Encoding   

  1  0:00  Probe  
  12  0:06  Probe  
  14  0:18  Pylon  
  14  0:23  Probe  
  15  0:37  Gateway  
  15  0:41  Probe  
  16  0:53  Probe  
  17  1:06  Probe  
  17  1:09  Assimilator  
  18  1:20  Pylon  
  18  1:27  Cybernetics Core  
  18  1:29  Forge  
  18  1:30  Probe  
  18  1:34  Assimilator  
  18  1:38  Probe  
  19  1:40  Zealot  
  22  1:48  Probe  
  23  2:11  Probe  
  23  2:15  Robotics Facility  
  24  2:23  Probe  
  25  2:37  Warp Gate  
  25  2:54  Probe  
  25  2:58  Nexus  
  26  3:02  Pylon  
  26  3:09  Robotics Bay  
  26  3:14  Pylon  
  26  3:34  Nexus  
  26  3:37  Observer  
  27  3:48  Probe  
  28  4:01  Probe  
  29  4:06  Assimilator  
  29  4:09  Colossus  
  29  4:10  Assimilator  
  29  4:14  Extended Thermal Lance  
  35  4:27  Probe  
  36  4:36  Probe  
  36  4:37  Assimilator  
  36  4:42  Assimilator  
  37  4:54  Pylon  
  37  4:59  Colossus  
  43  5:16  Protoss Ground Weapons Level 1  
  43  5:23  Probe  
  43  5:26  Probe x2  
  46  5:31  Probe  
  46  5:34  Stalker  
  49  5:38  Probe x2  
  51  5:45  Colossus  
  57  6:05  Probe x3  
  60  6:12  Gravitic Boosters  
  60  6:16  Stalker  
  62  6:30  Probe x3  
  65  6:51  Gateway x2  
  65  6:53  Gateway  
  65  6:54  Pylon x2  
  65  6:59  Pylon  
  65  7:01  Probe x2  
  65  7:02  Probe  
  65  7:03  Colossus  
  74  7:21  Robotics Facility  
  74  7:23  Pylon  
  74  7:26  Pylon  
  74  7:28  Pylon  
  74  8:08  Nexus  
  74  8:12  Pylon  
  74  8:17  Pylon  
  74  8:20  Pylon  
  74  8:23  Assimilator  
  74  8:26  Assimilator  
  74  8:33  Pylon  
  74  8:36  Pylon  
  74  8:41  Photon Cannon  
  74  8:42  Photon Cannon  
  74  8:45  Probe x3  
  77  8:48  Immortal  
  77  8:54  Immortal  
  85  9:22  Shield Battery  
  85  9:25  Photon Cannon  
  85  9:26  Photon Cannon  
  85  9:28  Photon Cannon  
  85  9:31  Protoss Ground Armor Level 1  
  85  9:33  Pylon  
  85  9:36  Pylon  
  85  9:38  Shield Battery  
  85  9:41  Probe x2  
  87  9:46  Probe  
  88  9:56  Probe  
  88  9:59  Probe x3  
  92  10:10  Immortal  
  92  10:11  Twilight Council  
  92  10:17  Observer  
  96  10:26  Probe  
  97  10:28  Probe  
  97  10:29  Probe x2  
  101  10:40  Pylon, Probe  
  102  10:48  Pylon  
  102  10:49  Zealot x2  
  106  10:50  Zealot x2  
  110  11:04  Blink  
  110  11:11  Probe  
  110  11:12  Probe x3  
  114  11:22  Dark Shrine  
  114  11:28  Probe x2  
  114  11:29  Probe x2  
  118  11:42  Shield Battery  
  118  11:43  Shield Battery  
  118  11:44  Photon Cannon  
  118  11:45  Photon Cannon  
  118  11:47  Photon Cannon  
  118  11:48  Photon Cannon  
  118  11:49  Photon Cannon x2  
  118  11:50  Photon Cannon  
  118  11:58  Photon Cannon  
  118  12:00  Photon Cannon x2  
  118  12:02  Photon Cannon  
  118  12:24  Protoss Ground Weapons Level 2  
  109  12:44  Shadow Stride  
  109  12:50  Stalker x3  
  109  12:51  Stalker  
  117  12:59  Forge  
  117  13:00  Observer  
  117  13:04  Charge  
  117  13:36  Pylon  
  117  13:38  Photon Cannon  
  117  13:42  Pylon  
  117  13:46  Photon Cannon  
  117  13:50  Stalker x2  
  117  13:51  Stalker x2  
  125  14:09  Gateway x2  
  125  14:12  Gateway  
  125  14:13  Gateway  
  125  14:29  Protoss Ground Armor Level 2  
  125  14:30  Warp Prism  
  125  14:32  Warp Prism  
  125  14:35  Protoss Shields Level 1  
  129  14:45  Stalker  
  129  14:46  Stalker x3  
  137  14:56  Colossus  
  137  14:57  Colossus  
  149  15:30  Dark Templar  
  149  15:31  Dark Templar x6  
  149  15:32  Dark Templar  
  164  16:53  Stalker x4  
  164  16:54  Stalker x4  
  153  19:23  Nexus  
  147  19:29  Pylon  
  147  19:30  Pylon  
Tags
 
Add a new tag
Caveats
  • Supply blocks, unpowered buildings, or Contaminate may cause inaccurate times.
  • Supply counts are checked every 10 seconds.